 Dungeon Crawl Stone Soup version 0.31-a0-496-g6f97920a28 (webtiles) character file.

Game seed: 2800093397139899240

13 ytrimaz the Ruffian (level 2, 0/14 HPs)
             Began as a Demonspawn Shapeshifter on Aug 8, 2023.
             Slain by a hobgoblin (5 damage)
             ... on level 1 of the Dungeon.
             The game lasted 00:00:29 (274 turns).

ytrimaz the Ruffian (Demonspawn Shapeshifter)        Turns: 274, Time: 00:00:30

Health: 0/14       AC:  2    Str: 15    XL:     2   Next: 24%
Magic:  2/2        EV: 16    Int:  9    God:
Gold:   18         SH:  0    Dex: 13    Spells: 1/1 levels left

rFire   . .          .
                       - Unarmed
rCold   . . .        (shield currently unavailable)
rNeg    . . .        a - +0 animal skin
rPois   .            (no helmet)
rElec   .            (no cloak)
rCorr   .            (no gloves)
SInv    .            (no boots)
Will    .....        (no amulet)
Stlth   +            (no ring)
HPRegen 0.22/turn    (no ring)
MPRegen 0.08/turn

%: no passive effects
@: flux-form, glowing
A: glow, contaminating, reduced hp, powered by pain 1
a: Begin Untransformation


You were on level 1 of the Dungeon.
You were something dangerously unstable.
You visited 1 branch of the dungeon, and saw 1 of its levels.

You collected 18 gold pieces.


Innate Abilities, Weirdness & Mutations

You are something dangerously unstable.
You glow with magical radiation, making you easy to see and hit.
Foes you strike become dangerously contaminated with magical radiation.
Your maximum health is decreased, since you lack skill for your form.
You are incapable of wielding weapons or throwing items.
You sometimes gain a little power by taking damage.


   Skills:
 * Level 1.6 Fighting
 + Level 2.0 Dodging
 * Level 3.0 Unarmed Combat
 - Level 2.6 Shapeshifting


You had one spell level left.
You didn't know any spells.
Your spell library contained the following spells:

 Spells                   Type           Power      Damage    Failure   Level
 Magic Dart               Conj           0%         1d3       38%         1
 Searing Ray              Conj           0%         2d4       52%         2
 Fulminant Prism          Conj/Hex       0%         3d5       99%         4

Inventory:

Armour
 a - a +0 animal skin (worn)
Talismans
 c - a beast talisman
 d - a flux talisman (active)
Scrolls
 e - a scroll of teleportation {unknown}
Potions
 b - a potion of lignification
 f - a potion of invisibility {unknown}

Dungeon Overview and Level Annotations

Branches:
Dungeon (1/15) Zot: 5726

Altars:

####.#####.######.#
........##......#.######
###
#....................#
#..
#...#.##.####.#.####..
#.# ####.##.##.#
#.#.###### #.#
...........# #........#
#.# ###..##.####
###....... #.# #. #g##
######.# ###.# # #B.#
#.# ....# ##.# #.#
..#####.. .# #.#
........# .# #..
....##### .# ###
###.####### .# # #
#.......# (# #
#####+#'### .# #
).[#.....#


You could see a hobgoblin.


Message History

You kill the endoplasm!
You have reached level 2!
Your demonic ancestry asserts itself...
You feel energised by your suffering. 😮 HP[+4] MP[+1]
You now have 14 max hp (+4).
You regained 4 hp, and now have 10/14 hp.
Your mp is fully restored (2).
You see here a hobgoblin corpse.
You are too injured to fight recklessly!
You are too injured to fight recklessly!
Unknown command.
A rat comes into view. 😎 HP[+4]
Your hp is fully restored (14).
You see here a lumpy pink potion.
You hit the rat.
You kill the rat!
No target in view!
Unknown command.
No target in view!
f - a lumpy pink potion Key pressed, stopping explore.
A hobgoblin comes into view.
The hobgoblin shouts!
A hobgoblin is nearby!
A hobgoblin is nearby!
A hobgoblin is nearby!
A hobgoblin is nearby!
You hit the hobgoblin.
The hobgoblin begins to glow.
The hobgoblin closely misses you.
A hobgoblin is nearby!
A hobgoblin is nearby!
You hit the hobgoblin.
The hobgoblin glows dangerously bright.
A hobgoblin is nearby!
You hit the hobgoblin.
You kill the hobgoblin!
No target in view!
Unknown command.
No target in view!
Unknown command.
Key pressed, stopping explore.
No target in view!
Unknown command.
No target in view!
Found an escape hatch in the floor.
No target in view!
Found a stone staircase leading down.
Unknown command.
No target in view!
You now have 12 gold pieces.
You now have 18 gold pieces (gained 6).
Key pressed, stopping explore.
A ball python comes into view.
The ball python hisses angrily.
A ball python is nearby!
A ball python is nearby!
A ball python is nearby!
A ball python is nearby!
A ball python is nearby!
You hit the ball python.
The ball python begins to glow.
The ball python barely misses you. x2
You hit the ball python.
You kill the ball python!
Your Dodging skill increases to level 2!
Your Unarmed Combat skill increases to level 3!
Unknown command.
No target in view!
No target in view!
Unknown command.
A hobgoblin comes into view.
The hobgoblin moves out of view.
A bat comes into view.
There are monsters nearby!
There are monsters nearby!
The bat closely misses you.
You hit the bat but do no damage.
The bat begins to glow.
The bat hits you. 😕 HP[-1]
You take 1 damage, and now have 13/14 hp.
You hit the bat.
The bat glows dangerously bright.
The bat hits you but does no damage.
You hit the bat.
You kill the bat!
The hobgoblin hits you. 😮 HP[-3]
You take 3 damage, and now have 10/14 hp.
MASSIVE DAMAGE!! (PAUSE)
You see here a bat corpse.
You are too injured to fight recklessly!
The hobgoblin attacks as you move away! The hobgoblin completely misses you.
You are too injured to fight recklessly!
Unknown command.
You closely miss the hobgoblin. The hobgoblin hits you.
* * * LOW HITPOINT WARNING * * *
😨 HP[-5]
You take 5 damage, and now have 5/14 hp.
MASSIVE DAMAGE!! (PAUSE)
You are too injured to fight recklessly!
You closely miss the hobgoblin. The hobgoblin hits you.
You die...

Skill      XL: |  1  2 |
---------------+-------+-----
Dodging        | 2 |  2.0
Unarmed Combat | 3 |  3.0
Fighting       | |  1.6
Shapeshifting  | |  2.6

Action                     || total
---------------------------++-------
  Melee: Unarmed           ||    25
 Armour: Animal skin       ||     2
  Dodge: Dodged            ||     9
   Form: Flux              ||     1

Levels and vault maps discovered:
D:1:      minmay_arrival_solitary_statue, layout_loops_ring

Notes
Turn   | Place    | Note
-------+----------+-------------------------------------------
     0 | D:1      | ytrimaz the Demonspawn Shapeshifter began the quest for the
                  | Orb.
     0 | D:1      | Reached XP level 1. HP: 15/15 MP: 1/1
     0 | D:1      | magus.rc [v1.9.6]
    76 | D:1      | You pick up a book of Conjurations and begin reading...
    76 | D:1      | You add the spells Magic Dart, Searing Ray and Fulminant
                  | Prism to your library.
   111 | D:1      | Gained mutation: You sometimes gain a little power by
                  | taking damage. [demonic ancestry]
   111 | D:1      | Reached XP level 2. HP: 10/21 MP: 2/2
   256 | D:1      | Reached skill level 2 in Dodging
   256 | D:1      | Reached skill level 3 in Unarmed Combat
   274 | D:1      | Slain by a hobgoblin

Vanquished Creatures
  A ball python (D:1)
  A bat (D:1)
  2 endoplasms (D:1)
  A goblin (D:1)
  3 hobgoblins (D:1)
  A frilled lizard (D:1)
  2 rats (D:1)
11 creatures vanquished.

Table legend:
 A = Non-vault XP
 B = Vault XP
 C = Vault XP percentage of total XP
 D = Non-vault monster count
 E = Vault monster count
 F = Vault count percentage of total count
                 A         B        C        D         E       F
            +---------+---------+-------+---------+---------+-------
      Total |      19 |       0 |   0.0 |      11 |       0 |   0.0
            +---------+---------+-------+---------+---------+-------
        D:1 |      19 |       0 |   0.0 |      11 |       0 |   0.0
            +---------+---------+-------+---------+---------+-------

Skill      XL: |  1  2 |
---------------+-------+-----
Dodging        | 2 |  2.0
Unarmed Combat | 3 |  3.0
Fighting       | |  1.6
Shapeshifting  | |  2.6

Action                     || total
---------------------------++-------
  Melee: Unarmed           ||    25
 Armour: Animal skin       ||     2
  Dodge: Dodged            ||     9
   Form: Flux              ||     1

Illustrated notes

Table legend:
 A = Kills in this place as a percentage of kills in the entire game.
 B = Kills by you in this place as a percentage of kills by you in the entire game.
 C = Kills by friends in this place as a percentage of kills by friends in the entire game.
 D = Other kills in this place as a percentage of other kills in the entire game.
 E = Experience gained in this place as a percentage of experience gained in the entire game.
 F = Experience gained in this place divided by the number of levels of this place that you have seen.
                   A       B       C       D       E      F
               +-------+-------+-------+-------+-------+----------------------
         Total | 100.0 | 100.0 |   N/A |   N/A | 100.0 |  19.0
       Dungeon | 100.0 | 100.0 |   N/A |   N/A | 100.0 |  19.0
               +-------+-------+-------+-------+-------+----------------------

Table legend: (Time is in decaauts)
 A = Elapsed time spent in this place.
 B = Non-inter-level travel time spent in this place.
 C = Inter-level travel time spent in this place.
 D = Time resting spent in this place.
 E = Time spent auto-exploring this place.
 F = Levels seen in this place.
 G = Mean time per level.
                   A        B        C        D        E       F      G
               +--------+--------+--------+--------+--------+-----+--------+
         Total |    272 |    272 |      0 |      0 |    194 |   1 |  272.0 |
       Dungeon |    272 |    272 |      0 |      0 |    194 |   1 |  272.0 |
               +--------+--------+--------+--------+--------+-----+--------+

Top non-repeatable levels by time:
     D:1: 272 daAuts
